Map: Cerulean Fall LE

Players

Namshar - Winner!

  • Race: Zerg Zerg
  • League: Master
  • Spawn Location: 7:00

Rail

  • Race: Protoss Protoss
  • League: Master
  • Spawn Location: 1:00

Event: HomeStory Cup XVIII

VOD

Have the link to the VOD?

Description

Time

  • Played on: Nov. 22, 2018, 11:47 a.m.
  • Length: 15:34

All games in this series

Show
View Real Time Build Order
Export as new Build Order

Namshar Zerg - Winner!

Build Orders: Hatch First, Lurkers, Roach Hydra 

Get SALT Encoding   

  12  0:00  Drone  
  13  0:12  Overlord  
  13  0:17  Drone  
  14  0:30  Drone x2  
  16  0:48  Hatchery  
  15  0:51  Drone  
  15  0:54  Drone  
  17  0:58  Drone  
  18  1:08  Extractor  
  17  1:14  Spawning Pool  
  17  1:16  Drone  
  17  1:20  Drone  
  18  1:29  Drone  
  19  1:39  Drone  
  20  1:49  Drone  
  21  2:00  Queen x2  
  21  2:01  Overlord, Zergling x2  
  26  2:10  Metabolic Boost  
  26  2:13  Drone  
  26  2:14  Zergling x2  
  28  2:23  Drone x2  
  30  2:32  Drone  
  30  2:34  Drone  
  32  2:39  Hatchery  
  31  2:45  Queen  
  31  2:50  Overlord  
  33  2:53  Drone  
  33  2:56  Drone  
  35  3:04  Drone  
  36  3:09  Drone x3  
  36  3:12  Drone  
  40  3:13  Queen  
  40  3:15  Overlord  
  40  3:19  Drone x2  
  44  3:26  Overlord  
  44  3:33  Drone  
  45  3:35  Queen, Drone  
  45  3:40  Drone x3  
  51  3:41  Drone  
  51  3:44  Spore Crawler  
  51  3:45  Drone  
  52  3:50  Spore Crawler  
  52  3:54  Drone  
  52  3:59  Drone  
  52  4:00  Drone x4  
  57  4:07  Drone  
  57  4:08  Drone x2  
  60  4:10  Spore Crawler  
  60  4:14  Overlord, Zergling x2  
  60  4:19  Zergling x4  
  60  4:20  Zergling x2  
  60  4:23  Overlord  
  63  4:25  Lair  
  63  4:30  Roach Warren  
  63  4:31  Extractor  
  61  4:32  Extractor  
  61  4:35  Overlord  
  61  4:36  Drone x5  
  61  4:37  Drone  
  66  4:43  Drone x4  
  70  4:51  Overlord  
  70  4:52  Drone x2  
  72  4:56  Evolution Chamber  
  72  4:59  Hatchery  
  70  5:04  Overlord  
  70  5:05  Drone  
  70  5:06  Extractor, Drone  
  71  5:07  Drone x2  
  71  5:09  Drone x2  
  71  5:10  Drone  
  71  5:11  Extractor  
  71  5:13  Extractor  
  74  5:15  Drone x3  
  77  5:22  Drone x2, Glial Reconstitution  
  77  5:23  Zerg Missile Weapons Level 1  
  77  5:26  Drone, Hydralisk Den  
  79  5:29  Drone  
  79  5:30  Drone x2  
  79  5:34  Overlord  
  82  5:38  Overlord  
  82  5:40  Drone  
  83  5:50  Drone x7  
  83  5:52  Overlord x2  
  83  5:55  Grooved Spines  
  90  5:57  Lurker Den  
  89  6:05  Overlord x2  
  89  6:10  Hydralisk x4  
  96  6:21  Hydralisk x6  
  108  6:26  Extractor  
  108  6:27  Spore Crawler  
  108  6:29  Drone x2  
  108  6:30  Drone  
  109  6:36  Overlord  
  109  6:39  Pneumatized Carapace, Hydralisk x4  
  111  6:44  Overseer  
  111  6:46  Overseer  
  117  6:49  Overlord  
  117  6:50  Hydralisk  
  117  6:51  Hydralisk  
  121  6:58  Hydralisk x2  
  121  6:59  Zergling x10  
  130  7:07  Muscular Augments  
  130  7:12  Queen  
  130  7:15  Hydralisk x4  
  132  7:16  Hydralisk x2  
  143  7:23  Overlord x2  
  143  7:31  Hydralisk x2  
  143  7:32  Hydralisk x3  
  153  7:42  Roach  
  153  7:43  Roach x11  
  177  7:47  Overlord x2  
  177  7:56  Zerg Missile Weapons Level 2  
  177  8:02  Overlord x2  
  177  8:03  Overlord  
  177  8:04  Lurker x2  
  178  8:16  Lurker x3  
  178  8:18  Zergling x10  
  178  8:19  Zergling x22  
  197  8:23  Lurker  
  194  8:45  Infestation Pit, Drone x2  
  194  8:47  Evolution Chamber  
  183  8:58  Hydralisk  
  183  8:59  Hydralisk x6  
  190  9:04  Hydralisk x4  
  190  9:05  Zergling x14  
  174  9:11  Hydralisk x3  
  174  9:15  Extractor  
  168  9:22  Hydralisk x4  
  168  9:24  Roach x2  
  174  9:26  Drone x2  
  174  9:27  Drone x2  
  178  9:39  Hatchery  
  177  9:51  Hive, Zerg Ground Armor Level 1  
  177  10:08  Lurker x3  
  177  10:09  Lurker x3  
  183  10:17  Lurker x2  
  181  10:23  Extractor  
  181  10:26  Extractor  
  169  10:39  Lurker x4  
  163  10:43  Hydralisk  
  163  10:44  Hydralisk x2  
  163  10:45  Roach x3  
  172  10:50  Hydralisk, Zergling x2  
  172  10:51  Zergling x28  
  182  11:01  Drone x4  
  186  11:05  Lurker x2  
  186  11:11  Hydralisk x6  
  188  11:18  Spine Crawler, Spore Crawler  
  196  11:19  Spine Crawler  
  196  11:21  Spine Crawler  
  190  11:31  Hydralisk  
  190  11:32  Hydralisk x10  
  189  11:33  Zergling x2  
  189  11:34  Zergling x20  
  189  11:36  Queen  
  189  11:37  Queen, Hydralisk  
  189  11:38  Hydralisk, Zergling x2  
  189  11:39  Queen  
  178  11:45  Hydralisk x2, Zergling x2  
  160  11:47  Hydralisk  
  148  11:59  Hydralisk x4  
  143  12:04  Hydralisk  
  140  12:12  Hydralisk x2  
  140  12:13  Roach  
  136  12:22  Hydralisk x3  
  129  12:23  Hydralisk  
  137  12:31  Zerg Ground Armor Level 2  
  137  12:32  Zerg Missile Weapons Level 3  
  137  12:37  Extractor  
  137  12:39  Adaptive Talons  
  134  12:51  Lurker x4  
  138  12:54  Hydralisk x4  
  138  12:55  Zergling x6  
  149  13:06  Queen  
  149  13:08  Drone x3  
  149  13:10  Drone x6  
  149  13:11  Drone  
  161  13:14  Lurker x2  
  161  13:15  Lurker  
  161  13:16  Lurker  
  165  13:20  Lurker  
  167  13:27  Lurker x3  
  167  13:28  Lurker  
  167  13:33  Hydralisk x2  
  174  13:34  Roach x2  
  174  13:35  Roach  
  174  13:36  Drone  
  174  13:39  Drone, Spine Crawler  
  181  13:45  Drone  
  181  13:47  Roach x4  
  190  13:51  Drone  
  190  13:52  Spine Crawler  
  190  13:53  Drone x2  
  192  14:00  Hydralisk x2  
  192  14:01  Roach x2  
  197  14:36  Drone x2  
  199  14:38  Spine Crawler  
  199  14:41  Drone x2, Spine Crawler  
  197  14:45  Spine Crawler  
  197  14:50  Drone x4  
  197  14:52  Drone  
  194  14:53  Spire  
  193  15:06  Hydralisk x2  
  193  15:07  Hydralisk  
Show
View Real Time Build Order
Export as new Build Order

Rail Protoss 

Build Orders: 1 Gate Expand, Oracle Opening, Phoenix Opening, Archon Immortal 

Get SALT Encoding   

  12  0:00  Probe  
  13  0:12  Probe  
  14  0:18  Pylon  
  14  0:24  Probe  
  15  0:32  Probe  
  15  0:38  Gateway  
  15  0:40  Probe  
  16  0:47  Assimilator  
  17  0:51  Probe  
  18  1:03  Probe  
  19  1:21  Nexus  
  19  1:32  Cybernetics Core  
  19  1:34  Probe  
  19  1:39  Assimilator  
  20  1:48  Probe  
  20  1:52  Pylon  
  21  1:59  Probe  
  22  2:01  Adept  
  22  2:07  Probe  
  25  2:15  Probe  
  25  2:21  Stargate  
  26  2:26  Probe  
  26  2:29  Adept, Probe  
  29  2:38  Probe x2  
  29  2:39  Warp Gate  
  31  2:49  Probe  
  31  2:50  Probe  
  33  2:55  Oracle  
  33  3:01  Probe  
  33  3:02  Probe  
  38  3:13  Probe  
  38  3:14  Gateway, Probe  
  40  3:20  Pylon  
  40  3:25  Probe  
  40  3:27  Adept, Probe  
  44  3:36  Probe  
  44  3:37  Phoenix  
  44  3:39  Probe  
  48  3:41  Shield Battery  
  48  3:44  Probe  
  48  3:46  Assimilator  
  49  3:51  Probe  
  49  3:53  Probe  
  50  4:00  Pylon  
  51  4:03  Probe  
  51  4:05  Probe  
  53  4:12  Nexus  
  53  4:15  Probe  
  53  4:16  Assimilator  
  54  4:21  Probe  
  54  4:23  Shield Battery  
  55  4:27  Robotics Facility  
  55  4:32  Probe  
  55  4:37  Robotics Facility  
  56  4:41  Probe  
  56  4:42  Pylon  
  57  4:48  Sentry x2  
  57  4:50  Probe  
  57  4:52  Twilight Council  
  62  4:59  Pylon  
  62  5:00  Probe  
  62  5:02  Probe  
  64  5:11  Probe  
  64  5:13  Probe  
  65  5:17  Immortal  
  65  5:19  Probe  
  65  5:20  Probe  
  65  5:21  Probe  
  70  5:27  Probe, Immortal  
  77  5:28  Charge  
  77  5:29  Probe x2  
  80  5:37  Pylon  
  80  5:38  Probe  
  80  5:39  Probe  
  80  5:40  Pylon  
  80  5:41  Probe  
  83  5:49  Probe, Assimilator  
  83  5:50  Probe  
  83  5:52  Assimilator  
  83  5:53  Probe  
  83  5:55  Robotics Bay  
  86  5:57  Probe  
  86  5:59  Observer  
  86  6:01  Gateway  
  86  6:03  Gateway, Probe  
  89  6:05  Probe  
  89  6:08  Probe  
  89  6:13  Gateway  
  90  6:20  Immortal  
  90  6:22  Probe  
  91  6:29  Warp Prism, Gateway  
  91  6:32  Forge  
  96  6:33  Forge  
  96  6:36  Protoss Ground Armor Level 1  
  97  6:41  Pylon  
  97  6:45  Pylon, Protoss Ground Weapons Level 1  
  97  6:53  Extended Thermal Lance  
  97  6:54  Gateway x2  
  97  6:58  Colossus  
  103  7:02  Pylon  
  103  7:05  Colossus  
  109  7:14  Templar Archives  
  109  7:17  Zealot  
  109  7:22  Gateway  
  111  7:24  Pylon, Gateway  
  111  7:31  Pylon  
  111  7:44  Pylon  
  111  7:48  Pylon x2  
  111  7:51  Pylon  
  111  7:52  Immortal  
  111  7:57  Nexus  
  113  7:59  Immortal  
  113  8:01  High Templar x2, Zealot  
  113  8:02  Zealot x2  
  113  8:04  Zealot  
  129  8:06  High Templar  
  129  8:07  High Templar, Archon  
  129  8:11  Shield Battery  
  133  8:12  Photon Cannon  
  133  8:16  Pylon  
  133  8:18  Archon  
  133  8:21  High Templar x2  
  133  8:22  Protoss Shields Level 1  
  133  8:25  Zealot  
  133  8:26  Archon  
  139  8:30  Zealot x2  
  139  8:32  Observer  
  144  8:38  Immortal  
  140  8:47  Zealot x4  
  142  8:57  Immortal  
  142  8:58  Zealot x4  
  142  9:00  High Templar x2  
  156  9:05  Archon  
  156  9:09  Zealot x3  
  148  9:22  Immortal  
  148  9:24  Zealot x2, Sentry  
  146  9:25  Nexus, Zealot  
  146  9:28  Pylon  
  152  9:31  High Templar x2  
  152  9:32  Zealot  
  152  9:38  Archon  
  158  9:43  Zealot  
  158  9:44  Immortal  
  164  9:49  Pylon  
  164  9:51  Photon Cannon  
  164  9:54  Pylon, Shield Battery  
  164  9:57  High Templar x2, Zealot  
  170  10:02  Zealot x2  
  170  10:03  Archon  
  174  10:07  Immortal  
  178  10:19  High Templar  
  178  10:20  High Templar, Zealot x4  
  186  10:29  Zealot x2  
  186  10:30  Zealot x2  
  186  10:34  Archon  
  194  10:39  Forge  
  194  10:40  Forge  
  194  10:45  High Templar x2, Zealot  
  196  10:50  Archon  
  184  10:59  Zealot x2, High Templar x2  
  184  11:00  Zealot  
  184  11:02  Zealot  
  184  11:03  Archon  
  196  11:30  Immortal  
  196  11:31  Zealot x2  
  196  11:32  Zealot x3, Immortal  
  180  11:33  Zealot x4  
  149  11:40  Oracle  
  124  12:05  Colossus  
  124  12:07  Zealot x4, Sentry  
  120  12:10  Observer  
  123  12:19  Probe  
  113  12:22  Probe  
  113  12:24  Immortal  
  113  12:29  Stalker x4  
  119  12:31  Probe  
  119  12:32  High Templar x2, Zealot  
  119  12:33  Zealot  
  132  12:37  Assimilator  
  132  12:38  Assimilator, Archon  
  132  12:39  Probe  
  132  12:42  Colossus  
  132  12:43  Probe  
  130  12:47  Zealot  
  132  12:56  Zealot x2  
  136  13:00  Immortal  
  136  13:05  High Templar x2, Zealot x4  
  149  13:09  Archon  
  157  13:14  Protoss Ground Weapons Level 2  
  157  13:18  Zealot, Sentry  
  161  13:24  Photon Cannon  
  161  13:29  Pylon, Observer  
  162  13:42  High Templar x2  
  162  13:43  Zealot x4  
  162  13:44  Zealot x3  
  162  13:46  Pylon  
  162  13:48  Archon  
  180  13:56  Observer x2  
  183  14:12  Zealot x3  
  183  14:13  Zealot x3  
  195  14:20  Zealot x2  
  194  14:27  Immortal x2  
  194  14:31  Zealot  
  190  14:40  High Templar x2, Zealot x3  
  196  14:50  Archon  
  180  14:56  Zealot  
  180  14:57  Zealot x3  
  188  15:01  Zealot  
  188  15:02  Zealot x2  
  198  15:13  Zealot  
Tags
 
Add a new tag
Caveats
  • Supply blocks, unpowered buildings, or Contaminate may cause inaccurate times.
  • Supply counts are checked every 10 seconds.